 Dungeon Crawl Stone Soup version 0.18-a0-902-g8738618 (webtiles) character file.

511 Jmtri7 the Prestidigitator (level 7, -3/48 HPs)
             Began as a Formicid Artificer on Dec 25, 2015.
             Slain by an ogre
             ... wielding a +0 giant spiked club
              (6 damage)
             ... on level 8 of the Dungeon.
             The game lasted 00:05:27 (672 turns).

Jmtri7 the Prestidigitator (Formicid Artificer)      Turns: 672, Time: 00:05:27

Health: -3/48      AC:  3    Str: 18    XL:     7   Next: 43%
Magic:  13/13      EV: 11    Int: 11    God:
Gold:   70         SH:  0    Dex: 11    Spells: 0 memorised, 6 levels left

rFire  + . .     SeeInvis +     h - +0 dagger (flame)
rCold  . . .     Gourm    .     b - +0 leather armour
rNeg   . . .     Faith    .     (no shield)
rPois  .         Spirit   .     (helmet unavailable)
rElec  .         Dismiss  .     (no cloak)
rCorr  .         Reflect  .     (no gloves)
SustAt .         Harm     .     (no boots)
MR     .....                    (no amulet)
Stlth  +.........               (no ring)
                                g - ring of protection from fire

@: not resistant to hostile enchantments, very unstealthy
A: permanent stasis, dig shafts and tunnels, four strong arms, antennae 3
a: Dig, Shaft Self


You were on level 8 of the Dungeon.
You were near starving.

You visited 1 branch of the dungeon, and saw 6 of its levels.

You collected 70 gold pieces.

Inventory:

Hand Weapons
 h - a +0 dagger of flaming (weapon)
Armour
 b - a +0 leather armour (worn)
Jewellery
 g - a ring of protection from fire (left hand)
Wands
 c - a wand of flame (0/48)
 d - a wand of enslavement (0/24)
 e - a wand of random effects (15/48)
Comestibles
 a - a meat ration
 f - a bread ration


   Skills:
 - Level 1.1 Fighting
 - Level 1.0 Short Blades
 - Level 1.7 Dodging
 - Level 1.2 Stealth
 + Level 8.7 Evocations


You had 6 spell levels left.
You didn't know any spells.

Dungeon Overview and Level Annotations

Branches:
Dungeon (9/15)
 Temple: D:4-7         Lair: D:8-11         Orc: D:9-12

Altars:

Shops:
D:9 =


Innate Abilities, Weirdness & Mutations

You are under a permanent stasis effect.
You can dig through walls and to a lower floor.
Your four strong arms can wield two-handed weapons with a shield.
You have a pair of large antennae on your head (SInv).


Message History

You extend your mandibles.
You dig through the rock wall.
You dig through the rock wall.
You are near starving!
You dig through the rock wall.
You dig through the rock wall.
You feel a bit more experienced.
You retract your mandibles.
Zapping:
d - a wand of enslavement (1/24)
Press: ? - help, Shift-Dir - straight line, f/p - ogre
Aim: an ogre, wielding a giant spiked club (severely wounded, chance to defeat MR: 64%)
The ogre struggles to resist.
This wand has 0 charges left.
An adder comes into view.
Are you sure you want to shaft yourself?
You feel quite a bit more hungry.
The ogre hits you with a giant spiked club!!
Ouch! That really hurt!
* * * LOW HITPOINT WARNING * * *
You begin to dig a shaft.
You continue digging a shaft.
The ogre hits you with a giant spiked club.
You die...

##...##.'....O.
#8...8#.######.
##...####
#...##8###
##......... {
#8.........
##KS........
#.#O8###8###
#.{##@## ## ##.
#.# ######## #K
#.# .......# ##
### ######.#
#.# #.# #.# ##
###.#


You could see an ogre, an adder and a kobold.

Vanquished Creatures
  3 worker ants (D:8)
  A giant gecko (D:8)
  A kobold (D:2)
5 creatures vanquished.

Vanquished Creatures (collateral kills)
  Pikel (D:7)
  A kobold demonologist (D:8)
  3 slaves (D:7)
  A big kobold (D:8)
  3 killer bees (D:7)
  A giant cockroach (D:7)
10 creatures vanquished.

Grand Total: 15 creatures vanquished

Notes
Turn   | Place    | Note
--------------------------------------------------------------
     0 | D:1      | Jmtri7 the Formicid Artificer began the quest for the Orb.
     0 | D:1      | Reached XP level 1. HP: 15/15 MP: 3/3
     4 | D:1      | You fall through a shaft!
    10 | D:2      | You fall through a shaft for 2 floors!
    33 | D:4      | You fall through a shaft for 3 floors!
    47 | D:7      | You fall through a shaft for 2 floors!
    52 | D:9      | Found Zugoed's Jewellery Emporium.
   119 | D:8      | Noticed a worker ant
   126 | D:8      | Killed a worker ant
   126 | D:8      | Reached skill level 4 in Evocations
   126 | D:8      | Reached XP level 2. HP: 9/21 MP: 5/5
   126 | D:8      | Reached XP level 3. HP: 11/26 MP: 6/6
   335 | D:7      | Noticed a killer bee
   336 | D:7      | Noticed a killer bee
   337 | D:7      | Noticed a killer bee
   338 | D:7      | Noticed a killer bee
   339 | D:7      | Noticed a killer bee
   342 | D:7      | Noticed a slave
   343 | D:7      | Noticed a slave
   343 | D:7      | Noticed a slave
   343 | D:7      | Noticed a slave
   343 | D:7      | Killed a killer bee
   343 | D:7      | Reached skill level 5 in Evocations
   346 | D:7      | Killed a killer bee
   346 | D:7      | Reached XP level 4. HP: 32/32 MP: 6/8
   349 | D:7      | Killed a slave
   352 | D:7      | Killed a slave
   355 | D:7      | Killed a slave
   360 | D:7      | Killed Pikel
   360 | D:7      | Reached skill level 7 in Evocations
   360 | D:7      | Reached XP level 5. HP: 37/37 MP: 7/10
   360 | D:7      | Reached XP level 6. HP: 43/43 MP: 7/11
   375 | D:7      | You fall through a shaft!
   418 | D:8      | Noticed a two-headed ogre
   424 | D:8      | You fall through a shaft!
   626 | D:8      | Noticed a kobold demonologist
   631 | D:8      | Noticed a hellwing
   643 | D:8      | Killed a kobold demonologist
   643 | D:8      | Reached skill level 8 in Evocations
   643 | D:8      | Reached XP level 7. HP: 48/48 MP: 11/13
   672 | D:8      | Slain by an ogre

Vault maps used:
D:1:      scummos_arrival_star
D:2:      minmay_kobold_bridge
D:4:      gammafunk_temple_overflow_elements, first_bread, uniq_menkaure,
          uniq_eustachio
D:7:      gammafunk_temple_overflow_pools, temple_hall,
          nicolae_ru_the_path_less_chosen, uniq_joseph, uniq_pikel,
          uniq_prince_ribbit1
D:8:      lair_0_dummy, serial_corexii_hall, corexii_hall_statues_l,
          corexii_hall_statues_i, corexii_hall_statues_t, corexii_hall_statues_i
D:9:      nicolae_dithmenos_through_a_glass_darkly, serial_shops,
          nicolae_shop_crystal

Action                   |  1- 3 |  4- 6 |  7- 9 || total
-------------------------+-------+-------+-------++-------
Melee: Short sword       |     2 |       |       ||     2
       Dagger            |       |     1 |       ||     1
 Abil: Shaft Self        |     4 |     2 |     1 ||     7
       Dig               |       |       |     2 ||     2
Evoke: Wand              |    10 |    17 |     3 ||    30
